Map: Eternal Empire LE

Players

Bunny - Winner!

  • Race: Terran Terran
  • League: Diamond
  • Spawn Location: 1:00

DnS

  • Race: Protoss Protoss
  • League: Grandmaster
  • Spawn Location: 7:00

VOD

Have the link to the VOD?

Description

Time

  • Played on: Jan. 13, 2020, 3:09 p.m.
  • Length: 32:22
Show
View Real Time Build Order
Export as new Build Order

Bunny Terran - Winner!

Build Orders: Reaper Expand 

Get SALT Encoding   

  12  0:01  SCV  
  13  0:13  SCV  
  14  0:17  Supply Depot  
  14  0:25  SCV  
  15  0:39  SCV  
  15  0:41  Barracks  
  16  0:45  Refinery  
  16  0:51  SCV  
  17  1:03  SCV  
  18  1:15  SCV  
  19  1:28  Orbital Command  
  19  1:29  Reaper  
  20  1:41  Command Center  
  20  1:54  SCV, Supply Depot  
  21  2:01  Marine  
  22  2:06  SCV  
  23  2:09  Factory  
  23  2:14  Refinery  
  23  2:18  SCV  
  24  2:23  Bunker  
  24  2:25  Barracks Reactor  
  24  2:30  SCV  
  25  2:42  SCV  
  26  2:53  Orbital Command  
  26  2:54  Hellion  
  26  2:55  Starport  
  26  2:57  SCV  
  29  3:01  Marine  
  29  3:02  Marine, Orbital Command  
  31  3:09  SCV  
  32  3:17  Widow Mine  
  35  3:21  SCV  
  35  3:25  Marine x2  
  35  3:26  Supply Depot  
  37  3:29  SCV  
  37  3:32  Viking  
  41  3:34  SCV  
  41  3:38  Widow Mine  
  43  3:43  Marine x2  
  43  3:45  SCV  
  43  3:48  SCV  
  44  3:57  SCV  
  44  4:00  SCV  
  46  4:03  Barracks x2  
  46  4:05  Marine  
  46  4:06  Marine  
  46  4:09  SCV  
  49  4:10  Starport Tech Lab, Factory Tech Lab  
  49  4:12  SCV  
  49  4:16  Supply Depot  
  50  4:21  SCV  
  51  4:24  SCV  
  51  4:26  Marine x2  
  51  4:27  Refinery  
  54  4:36  SCV  
  54  4:37  SCV  
  55  4:38  Factory Tech Lab  
  55  4:39  Supply Depot, Engineering Bay  
  55  4:44  Marine x2, Starport Reactor  
  57  4:48  SCV  
  57  4:50  SCV  
  58  4:55  Refinery  
  58  4:57  Siege Tank  
  61  5:00  SCV  
  61  5:02  SCV  
  61  5:03  Combat Shield, Stimpack  
  61  5:06  Terran Infantry Weapons Level 1  
  62  5:08  Supply Depot  
  62  5:12  SCV  
  62  5:14  SCV  
  64  5:15  Marine x2  
  64  5:16  Marine  
  64  5:17  Marine  
  67  5:25  Supply Depot  
  67  5:26  Medivac  
  69  5:30  Medivac  
  69  5:33  Marine x2  
  73  5:36  Siege Tank  
  73  5:39  Marauder  
  78  5:47  SCV x2, Supply Depot, Marauder  
  82  5:53  Missile Turret  
  82  5:56  Missile Turret  
  82  5:57  Medivac  
  82  6:00  Medivac  
  86  6:05  Supply Depot  
  86  6:08  Marine x2  
  86  6:09  Marauder  
  92  6:11  Marauder  
  92  6:18  SCV  
  92  6:19  SCV  
  94  6:27  Siege Tank  
  97  6:36  Marauder, Command Center  
  97  6:37  Marine, Marauder  
  102  6:40  Supply Depot  
  102  6:42  Marine  
  102  6:46  Medivac  
  105  6:53  SCV x2  
  107  6:58  Marauder  
  107  6:59  Concussive Shells  
  107  7:01  Marine  
  110  7:02  Marine, Marauder  
  110  7:07  Siege Tank  
  112  7:11  SCV  
  112  7:12  SCV  
  112  7:21  Barracks x2  
  108  7:22  Medivac  
  108  7:23  Medivac  
  112  7:34  SCV x2  
  114  7:39  Siege Tank  
  114  7:40  Marauder  
  117  7:47  Marauder  
  117  7:49  SCV x2  
  117  7:50  Supply Depot  
  117  7:51  Supply Depot, Orbital Command  
  121  7:58  Terran Infantry Armor Level 1  
  121  7:59  Viking  
  121  8:00  Viking  
  121  8:05  SCV x2, Missile Turret  
  127  8:10  Barracks Reactor, Barracks Tech Lab  
  127  8:12  Siege Tank  
  130  8:16  SCV  
  130  8:17  SCV x2  
  133  8:21  Supply Depot  
  133  8:22  Supply Depot  
  133  8:29  Viking  
  133  8:30  SCV x3, Viking  
  140  8:36  Marauder x2  
  140  8:37  Marine x2, Marauder  
  147  8:44  Siege Tank  
  147  8:45  SCV x3  
  153  8:49  Marine x2  
  153  8:55  Marine x2, Refinery  
  154  8:57  Supply Depot, Refinery  
  154  8:59  Marauder x2  
  154  9:00  Supply Depot  
  160  9:04  Viking  
  160  9:08  Viking  
  160  9:09  Marine  
  165  9:18  Marine x3, Marauder, Siege Tank  
  165  9:21  Supply Depot  
  165  9:24  Supply Depot  
  176  9:30  Armory, Engineering Bay  
  173  9:34  Viking  
  173  9:38  Viking  
  175  9:44  Command Center  
  177  9:57  Ghost Academy  
  166  10:02  Marauder x3  
  166  10:04  Marine x3  
  166  10:05  Marine  
  166  10:06  Viking  
  133  10:16  Viking  
  133  10:20  Terran Infantry Weapons Level 2, Terran Infantry Armor Level 2  
  135  10:24  Supply Depot  
  135  10:26  Siege Tank  
  138  10:35  Terran Ship Weapons Level 1  
  133  10:40  Marauder x3  
  133  10:41  Marine x3  
  133  10:42  Marine  
  108  10:50  Viking x2  
  108  10:56  SCV x3  
  115  10:57  Planetary Fortress  
  115  11:00  Marine x2  
  115  11:01  Marauder  
  119  11:09  Ghost  
  119  11:10  Ghost  
  123  11:13  SCV x3  
  126  11:21  Marine x2  
  126  11:22  Marine x2, Enhanced Shockwaves  
  126  11:25  SCV x3, Ghost  
  135  11:34  SCV  
  135  11:36  Refinery  
  135  11:37  SCV x3  
  136  11:42  Refinery, Ghost  
  136  11:45  Ghost  
  136  11:46  Marine, Missile Turret  
  141  11:52  Marine x2  
  143  11:59  Barracks  
  143  12:00  Barracks  
  142  12:05  Viking x2  
  146  12:10  Missile Turret, Marauder  
  146  12:11  Marine x2, Missile Turret  
  146  12:12  Marauder  
  152  12:20  Sensor Tower  
  152  12:24  Command Center  
  152  12:29  Marine x3, Sensor Tower  
  153  12:39  Marauder  
  153  12:40  Marauder x2  
  153  12:41  Marine  
  157  12:47  Marine x3  
  157  12:49  Barracks Reactor, Barracks Tech Lab  
  158  12:51  Personal Cloaking  
  158  12:56  SCV x4  
  160  12:59  Terran Infantry Weapons Level 3  
  160  13:09  Command Center  
  160  13:13  Marauder x2  
  160  13:14  Marauder  
  160  13:15  Marauder  
  160  13:17  Marine  
  160  13:18  Marine, Liberator x2  
  160  13:19  Marine  
  171  13:21  Marine  
  171  13:26  Fusion Core  
  172  13:28  Starport  
  174  13:41  Marauder  
  174  13:42  Marauder  
  174  13:43  Marine x2  
  174  13:45  Marine  
  181  13:49  Terran Infantry Armor Level 3  
  181  14:02  Liberator x2  
  181  14:06  Starport Reactor  
  181  14:13  Sensor Tower  
  181  14:15  Missile Turret, Unknown  
  181  14:19  Advanced Ballistics  
  183  14:30  Planetary Fortress  
  183  14:31  SCV x4, Liberator x2  
  176  14:43  SCV x2  
  178  14:50  Marauder x4  
  178  14:52  Orbital Command  
  192  14:57  SCV x2  
  192  14:58  SCV x2  
  196  15:02  Liberator  
  196  15:03  Liberator  
  196  15:04  Terran Ship Weapons Level 2  
  196  15:06  Missile Turret  
  195  15:11  Nuke  
  195  15:14  Missile Turret, Liberator  
  192  15:21  Missile Turret  
  192  15:22  Liberator  
  187  15:45  Liberator x2  
  187  15:46  Marauder  
  187  15:47  Marauder x2  
  187  15:49  Marine x4  
  186  15:50  Marine  
  186  15:53  Marine x2  
  186  15:57  Liberator  
  188  16:03  Nuke  
  185  16:07  Marine  
  185  16:08  Ghost x3  
  185  16:11  Ghost  
  174  16:12  Marine  
  174  16:13  Marine x3  
  167  16:58  Viking x4  
  168  17:07  Ghost x4  
  168  17:08  Marine x4  
  168  17:09  Marine x2  
  170  17:16  Nuke  
  170  17:26  Marine x5  
  170  17:28  Viking  
  177  17:33  Command Center  
  177  17:36  Marauder x3  
  177  17:37  Marauder  
  183  17:40  Viking x2  
  178  17:55  SCV x2  
  178  17:56  SCV x3  
  180  18:00  Viking x2  
  183  18:10  Viking x2  
  179  18:17  Marauder x2  
  179  18:18  Marauder x2  
  180  18:23  Marine  
  180  18:24  Marine x5  
  186  18:39  Marauder  
  188  18:43  Viking x3  
  174  18:49  Viking  
  174  18:55  Marauder x3  
  172  19:00  Marauder  
  172  19:01  Marine x2  
  172  19:02  Marine x2  
  173  19:13  Viking x2  
  173  19:15  Viking  
  173  19:16  Marauder, Terran Ship Weapons Level 3  
  181  19:18  Marauder x2  
  181  19:21  Marauder  
  185  19:30  Viking  
  169  19:31  Marine  
  169  19:32  Marine x5  
  169  19:33  Unknown  
  169  19:37  Marine  
  167  19:38  Marine  
  167  19:42  Ghost  
  167  19:43  Ghost  
  172  19:49  Marine x5  
  176  19:53  Planetary Fortress  
  176  19:55  Liberator x3  
  176  20:11  Command Center  
  185  20:25  Liberator  
  185  20:29  Neosteel Armor  
  185  20:30  Hi-Sec Auto Tracking  
  185  20:45  Starport  
  187  20:53  Sensor Tower, Missile Turret  
  187  20:55  Missile Turret  
  177  21:11  SCV x4  
  177  21:12  Marauder x2  
  177  21:13  Marauder x2  
  184  21:21  Marine x5  
  182  21:28  Viking x4  
  182  21:30  Missile Turret  
  185  21:34  Marauder  
  185  21:39  Marauder x2  
  193  21:40  Marauder  
  193  21:45  Liberator x4  
  190  21:53  Terran Vehicle And Ship Armor Level 1  
  191  22:10  SCV x7  
  191  22:12  Planetary Fortress  
  184  22:44  Medivac  
  184  22:45  Medivac x3  
  190  22:59  Missile Turret  
  184  23:24  Nuke  
  184  23:36  Medivac  
  184  23:40  Missile Turret  
  186  23:48  Refinery x2  
  186  24:01  Marauder  
  186  24:02  Marine x5, Marauder x3  
  193  24:04  Medivac x2  
  198  24:23  Marauder  
  199  24:43  Missile Turret  
  199  24:44  Missile Turret x2  
  196  24:48  Command Center  
  196  24:50  Command Center  
  196  24:51  Command Center  
  196  25:02  Missile Turret  
  196  25:05  Starport Reactor  
  196  25:10  Missile Turret  
  196  25:17  Starport x2  
  196  25:18  Starport, Terran Vehicle And Ship Armor Level 2  
  196  25:22  Starport  
  193  26:00  Missile Turret x3  
  193  26:01  Missile Turret  
  180  26:21  Starport Tech Lab x4  
  180  26:23  Orbital Command x2  
  167  26:47  Battlecruiser  
  167  26:48  Battlecruiser x3  
  188  26:54  Weapon Refit  
  188  26:57  Liberator  
  188  26:58  Liberator x5  
  173  27:18  Ghost x4  
  179  27:32  Command Center  
  179  27:41  Unknown  
  179  27:44  Missile Turret  
  173  27:52  Battlecruiser x4  
  168  28:29  Orbital Command  
  168  28:31  Viking x6  
  173  28:45  Marine x6, Marauder x3  
  173  28:46  Marauder  
  163  28:56  Viking, Battlecruiser x2, Command Center  
  177  29:07  Marauder  
  178  29:27  Battlecruiser  
  172  29:43  Liberator  
  155  30:03  Marine x9, Marauder  
  165  30:20  Marine  
  156  30:30  Marine x3  
  148  30:38  Viking x2  
  149  30:54  SCV  
  138  31:06  SCV  
  137  31:18  SCV  
  131  31:21  Viking x3  
  131  31:22  Marine  
  131  31:23  Marine x9  
  146  31:30  SCV  
  147  31:38  Viking  
  141  31:40  Marine x2  
  141  31:42  SCV  
  144  31:47  Refinery  
  144  31:48  Refinery  
Show
View Real Time Build Order
Export as new Build Order

DnS Protoss 

Build Orders: 1 Gate Expand, Phoenix Opening, Colossus Rush 

Get SALT Encoding   

  12  0:00  Probe  
  13  0:12  Probe  
  14  0:17  Pylon  
  14  0:24  Probe (Chrono Boost)  
  16  0:36  Probe (Chrono Boost), Gateway  
  16  0:43  Probe (Chrono Boost)  
  16  0:46  Assimilator  
  17  0:51  Probe  
  18  1:03  Probe  
  19  1:15  Probe  
  20  1:23  Nexus  
  20  1:33  Cybernetics Core  
  20  1:37  Probe  
  21  1:43  Assimilator  
  21  1:49  Probe  
  21  1:53  Pylon  
  23  2:01  Probe  
  23  2:09  Adept (Chrono Boost)  
  23  2:13  Probe (Chrono Boost)  
  26  2:16  Stargate  
  26  2:24  Warp Gate  
  26  2:25  Probe (Chrono Boost)  
  27  2:32  Probe (Chrono Boost), Adept  
  27  2:35  Probe (Chrono Boost)  
  33  2:45  Probe x2 (Chrono Boost)  
  33  2:50  Probe (Chrono Boost)  
  33  2:53  Probe  
  35  3:00  Phoenix (Chrono Boost)  
  35  3:02  Probe  
  39  3:05  Probe  
  39  3:06  Adept  
  39  3:09  Pylon  
  41  3:14  Probe  
  41  3:17  Probe  
  43  3:23  Phoenix (Chrono Boost)  
  43  3:27  Probe  
  46  3:31  Probe  
  46  3:33  Assimilator  
  47  3:36  Assimilator  
  47  3:41  Probe  
  47  3:42  Phoenix, Pylon  
  47  3:43  Probe  
  51  3:54  Pylon  
  51  3:56  Probe (Chrono Boost)  
  51  3:57  Probe (Chrono Boost)  
  51  4:02  Gateway  
  52  4:03  Gateway  
  52  4:08  Probe (Chrono Boost)  
  54  4:11  Robotics Facility  
  54  4:12  Probe (Chrono Boost)  
  54  4:14  Probe (Chrono Boost)  
  55  4:19  Probe  
  55  4:20  Phoenix  
  55  4:23  Probe  
  59  4:33  Pylon  
  59  4:35  Probe  
  59  4:37  Sentry  
  63  4:42  Nexus  
  62  4:51  Probe x2  
  64  4:58  Pylon  
  64  4:59  Observer  
  65  5:03  Probe, Robotics Bay  
  65  5:05  Probe  
  65  5:06  Forge  
  67  5:10  Phoenix  
  69  5:19  Twilight Council  
  69  5:20  Probe  
  69  5:21  Forge  
  70  5:22  Probe  
  70  5:23  Observer  
  72  5:29  Pylon  
  72  5:32  Probe  
  72  5:33  Observer  
  72  5:34  Probe  
  74  5:41  Protoss Ground Weapons Level 1  
  74  5:44  Probe  
  74  5:46  Probe  
  74  5:47  Colossus (Chrono Boost)  
  76  5:54  Charge (Chrono Boost)  
  76  5:55  Probe  
  76  5:56  Probe  
  84  6:01  Gateway, Extended Thermal Lance  
  84  6:02  Gateway  
  84  6:06  Probe  
  84  6:09  Gateway  
  85  6:12  Sentry, Observer  
  85  6:14  Gateway  
  87  6:19  Gateway  
  87  6:23  Photon Cannon  
  87  6:25  Photon Cannon  
  87  6:26  Shield Battery  
  87  6:30  Shield Battery  
  87  6:32  Colossus (Chrono Boost)  
  87  6:38  Stalker  
  95  6:43  Stalker  
  95  6:44  Probe x2  
  95  6:45  Probe  
  100  6:53  Zealot  
  101  6:56  Pylon  
  101  6:57  Pylon  
  101  6:59  Pylon  
  101  7:05  Zealot x3  
  101  7:06  Zealot  
  107  7:17  Colossus (Chrono Boost)  
  113  7:24  Zealot x4  
  113  7:29  Zealot x4  
  127  7:36  Observer  
  127  7:40  Probe x2  
  129  7:45  Protoss Ground Armor Level 1 (Chrono Boost)  
  129  7:46  Probe  
  129  7:47  Assimilator  
  129  7:49  Stalker  
  129  7:50  Assimilator  
  132  7:52  Probe  
  132  7:53  Pylon  
  132  7:54  Forge  
  132  7:58  Pylon  
  133  8:05  Blink  
  133  8:06  Templar Archives  
  133  8:11  Probe x2, Colossus  
  141  8:16  Probe  
  142  8:20  Zealot x2  
  142  8:23  Protoss Ground Weapons Level 2 (Chrono Boost)  
  142  8:24  Pylon x3, Psionic Storm  
  146  8:28  Photon Cannon  
  146  8:33  Nexus  
  146  8:41  Pylon  
  146  8:46  High Templar x2  
  146  8:48  Pylon  
  148  8:53  High Templar  
  148  8:54  Stalker  
  152  8:58  Gateway  
  152  9:00  Gateway  
  146  9:04  High Templar, Zealot x2  
  146  9:05  Probe x3  
  153  9:17  High Templar  
  153  9:23  Assimilator  
  155  9:25  Zealot x5  
  155  9:28  Probe x3  
  155  9:31  Pylon  
  168  9:32  Pylon, High Templar  
  170  9:47  Stalker x3  
  170  9:48  Stalker  
  158  10:05  Zealot x6  
  130  10:10  Colossus (Chrono Boost)  
  130  10:12  Zealot x4  
  136  10:27  Zealot x4  
  144  10:29  Zealot  
  144  10:30  Zealot  
  144  10:33  Zealot x4  
  156  10:41  Protoss Ground Weapons Level 3 (Chrono Boost), Protoss Ground Armor Level 2 (Chrono Boost)  
  142  10:48  High Templar x4  
  146  10:57  Warp Prism (Chrono Boost)  
  148  11:07  Sentry x2, Assimilator  
  148  11:08  Zealot x2  
  148  11:09  Zealot x2  
  160  11:19  Observer  
  160  11:21  High Templar  
  160  11:22  High Templar  
  160  11:23  High Templar  
  160  11:25  Nexus  
  166  11:26  Pylon, Zealot  
  166  11:28  Immortal  
  172  11:32  Robotics Facility  
  168  11:47  Stalker  
  168  11:48  Stalker x5  
  168  11:52  Dark Shrine  
  180  12:03  Unknown  
  178  12:20  Disruptor (Chrono Boost)  
  182  12:25  Disruptor (Chrono Boost)  
  182  12:37  Fleet Beacon, Stargate  
  180  12:49  High Templar  
  180  12:50  High Templar, Photon Cannon  
  182  12:51  Disruptor (Chrono Boost)  
  182  12:52  Photon Cannon  
  182  12:54  Photon Cannon  
  182  12:56  Disruptor (Chrono Boost)  
  186  13:07  Protoss Ground Armor Level 3 (Chrono Boost)  
  186  13:11  Photon Cannon  
  186  13:12  Protoss Shields Level 1 (Chrono Boost), Pylon  
  186  13:21  Disruptor  
  189  13:30  Disruptor  
  189  13:31  Protoss Air Weapons Level 1 (Chrono Boost)  
  192  13:39  Gateway x2, Photon Cannon  
  190  13:43  Gateway  
  186  13:49  Dark Templar  
  186  13:50  Dark Templar  
  186  13:53  Tempest x2  
  200  13:57  Disruptor  
  197  14:17  Nexus  
  197  14:18  Pylon  
  195  14:32  Dark Templar  
  195  14:43  Shadow Stride  
  193  14:48  Photon Cannon  
  193  14:49  Photon Cannon  
  193  14:51  Photon Cannon  
  193  14:52  Photon Cannon  
  193  14:53  Shield Battery  
  193  14:55  Shield Battery  
  193  14:58  Pylon  
  193  15:01  Tempest  
  193  15:05  Assimilator  
  198  15:11  Assimilator  
  196  15:24  Observer x2  
  196  15:27  Zealot  
  199  15:33  Dark Templar, Zealot  
  199  15:34  Zealot  
  199  15:40  Dark Templar  
  199  15:41  Zealot x7  
  198  15:48  Tempest x2  
  196  15:55  Stalker x4  
  196  15:56  Nexus  
  168  16:08  Dark Templar  
  166  16:12  Zealot x5  
  166  16:16  Dark Templar  
  178  16:24  Nexus  
  178  16:28  Tempest (Chrono Boost)  
  178  16:30  Stalker  
  178  16:31  Stalker x2  
  194  16:37  Stalker x2  
  194  16:38  Tempest (Chrono Boost)  
  179  16:49  Stalker x3  
  185  16:56  Archon  
  181  17:04  Tempest  
  181  17:11  Stalker x6  
  181  17:14  Tempest, Observer  
  173  17:45  Stalker x5  
  173  17:47  Carrier  
  173  17:51  Stalker  
  172  18:09  Stalker x3  
  163  18:35  Stalker x3  
  163  18:36  Stalker x2  
  148  18:55  Observer  
  148  18:56  Stalker x3  
  148  19:00  Disruptor  
  138  19:04  Archon  
  121  19:40  Disruptor (Chrono Boost)  
  127  19:49  Disruptor (Chrono Boost)  
  127  20:05  Nexus  
  125  20:10  Disruptor (Chrono Boost)  
  128  20:14  Disruptor (Chrono Boost)  
  128  20:18  Probe x4  
  135  20:27  High Templar  
  137  20:28  High Templar  
  137  20:30  High Templar  
  140  20:39  Disruptor  
  143  20:43  Dark Templar  
  143  20:47  Probe x3  
  143  20:49  Stalker x2  
  152  20:50  Stalker x3  
  156  20:57  Dark Templar, Zealot  
  151  21:04  Zealot x2  
  151  21:27  Probe x2  
  151  21:28  Probe x3  
  156  21:38  Tempest  
  160  22:05  High Templar  
  158  22:08  Unknown  
  156  22:21  Stalker x2  
  156  22:22  Dark Templar, Zealot x4  
  166  22:28  Nexus  
  157  22:41  Unknown  
  153  22:44  Probe x3  
  153  22:45  Probe  
  153  22:46  Pylon  
  156  23:01  Stalker x3  
  156  23:03  Probe x3  
  165  23:13  Stalker x2  
  160  23:31  Tempest (Chrono Boost)  
  165  23:50  Zealot x6  
  177  24:05  Tempest (Chrono Boost)  
  180  24:28  Observer x2  
  177  24:32  Stalker x5  
  177  24:33  Probe x5  
  189  24:52  Stalker x2  
  189  24:53  Stalker  
  189  25:05  Tempest x2 (Chrono Boost)  
  185  25:12  Probe x3  
  196  25:15  Pylon  
  196  25:16  Assimilator  
  196  25:17  Assimilator  
  194  25:21  Stalker  
  194  25:22  Stalker  
  198  25:34  Dark Templar  
  184  25:59  Probe  
  184  26:01  Probe, Dark Templar  
  184  26:02  Dark Templar, Zealot x5  
  198  26:06  Stalker  
  193  26:43  Probe x5  
  196  26:51  Nexus  
  178  27:19  Disruptor x2  
  176  27:23  Pylon  
  176  27:24  Dark Templar  
  176  27:30  Zealot x3, Stalker  
  176  27:31  Zealot x4, Stalker x3  
  176  27:36  Unknown  
  197  28:02  Stalker  
  186  28:17  Tempest x2  
  186  28:19  Protoss Air Weapons Level 2 (Chrono Boost)  
  178  28:28  Stalker x7  
  178  28:29  Stalker x3  
  195  28:46  High Templar  
  195  28:47  High Templar  
  195  29:04  Observer  
  196  29:17  Probe  
  196  29:18  Probe x3  
  196  29:19  Nexus  
  187  29:44  Probe x3  
  183  30:04  Stalker x4  
  183  30:05  Stalker x6  
  166  30:32  Tempest x2  
  158  30:55  Stalker x6  
  142  31:38  Zealot x6  
  110  32:01  Archon  
Tags
 
Add a new tag
Caveats
  • Supply blocks, unpowered buildings, or Contaminate may cause inaccurate times.
  • Supply counts are checked every 10 seconds.